Map: New Repugnancy LE

Players

HeRoMaRinE

  • Race: Terran Terran
  • Spawn Location: 1:00

Zanster - Winner!

  • Race: Zerg Zerg
  • Spawn Location: 7:00

Event: 2019 WCS Summer

VOD

Have the link to the VOD?

Description

Time

  • Played on: July 12, 2019, 1:32 p.m.
  • Length: 22:50

All games in this series

Show
View Real Time Build Order
Export as new Build Order

HeRoMaRinE Terran 

Build Orders: Hellion Opening, Reaper Expand 

Get SALT Encoding   

  12  0:00  SCV  
  13  0:12  SCV  
  14  0:17  Supply Depot  
  14  0:24  SCV  
  15  0:38  SCV  
  15  0:40  Barracks  
  16  0:44  Refinery  
  16  0:50  SCV  
  17  1:03  SCV  
  18  1:15  SCV  
  19  1:27  Orbital Command, Reaper  
  20  1:40  Command Center  
  20  1:50  Supply Depot  
  20  1:53  SCV  
  21  1:59  Marine  
  22  2:05  SCV  
  23  2:08  Factory  
  23  2:11  Refinery  
  23  2:17  SCV  
  23  2:20  Barracks Reactor  
  24  2:29  SCV  
  25  2:41  SCV  
  26  2:52  Orbital Command, Starport  
  26  2:53  SCV  
  27  3:03  Hellion x2  
  32  3:05  SCV  
  32  3:08  Barracks Tech Lab  
  32  3:17  SCV  
  32  3:18  SCV  
  34  3:25  Hellion x2  
  38  3:28  Supply Depot  
  38  3:29  Viking  
  38  3:30  Marauder  
  38  3:33  SCV x2  
  44  3:45  SCV  
  44  3:46  SCV  
  46  3:49  Hellion x2  
  46  3:50  Supply Depot  
  46  3:52  Marauder  
  52  4:00  Concussive Shells, Medivac  
  54  4:11  Armory  
  54  4:12  Hellion x2  
  54  4:14  Supply Depot  
  60  4:17  Marauder  
  60  4:20  Liberator  
  60  4:22  SCV x2  
  62  4:28  Supply Depot  
  62  4:36  Hellion x2  
  69  4:41  SCV  
  69  4:42  Supply Depot  
  70  4:49  Marine  
  70  4:50  SCV  
  72  4:53  SCV  
  72  4:54  Stimpack  
  71  5:02  SCV  
  71  5:05  SCV  
  66  5:07  Marine  
  66  5:08  Hellion x2  
  71  5:14  SCV  
  71  5:17  SCV  
  68  5:26  SCV  
  59  5:28  Marine  
  59  5:29  SCV  
  59  5:33  Command Center  
  53  5:37  Starport Tech Lab  
  53  5:39  Starport Reactor  
  53  5:40  SCV  
  53  5:41  Factory Tech Lab, SCV  
  52  5:46  Barracks, Marine  
  53  5:50  Barracks  
  53  5:53  SCV x2  
  56  6:04  Marine  
  56  6:05  SCV  
  56  6:06  SCV  
  56  6:07  Bunker  
  57  6:12  Bunker  
  57  6:18  SCV x2  
  59  6:21  Engineering Bay x2  
  59  6:22  Marine  
  59  6:25  Starport Reactor  
  57  6:30  SCV x2  
  59  6:34  Marine x2  
  59  6:35  Factory Reactor  
  59  6:38  Refinery x2  
  61  6:45  Orbital Command  
  62  6:47  SCV x2, Terran Infantry Weapons Level 1, Terran Infantry Armor Level 1  
  62  6:48  Marine x3  
  62  6:50  Barracks  
  62  6:52  Barracks  
  66  6:54  Marine  
  66  6:55  Marine  
  66  6:59  SCV x2  
  70  7:02  Combat Shield  
  70  7:03  Medivac  
  70  7:05  Medivac  
  70  7:06  Marine x2  
  70  7:07  Marine  
  77  7:12  Orbital Command, Marine, SCV  
  77  7:13  SCV  
  77  7:14  Widow Mine  
  77  7:15  Widow Mine  
  84  7:19  Supply Depot  
  84  7:26  SCV x2  
  84  7:27  Marine  
  84  7:28  Marine x2  
  89  7:30  Missile Turret  
  89  7:35  Medivac x2  
  93  7:38  SCV x2  
  93  7:42  SCV  
  96  7:44  Barracks Reactor x2  
  96  7:47  Refinery  
  96  7:49  Factory, Supply Depot  
  96  7:50  Marine x2, SCV x2  
  100  7:53  Marine  
  100  7:55  Marine, Supply Depot  
  100  7:58  SCV  
  103  8:02  Marine, SCV  
  103  8:03  SCV  
  103  8:08  Marine  
  103  8:09  Marine  
  103  8:11  Marine, SCV  
  107  8:15  Widow Mine x2, Supply Depot  
  107  8:17  Marine  
  113  8:20  Marine  
  113  8:21  Medivac  
  113  8:23  Marine  
  113  8:24  Marine x2  
  117  8:30  Marine, Supply Depot  
  117  8:31  Marine  
  119  8:36  Widow Mine x2  
  119  8:38  Marauder  
  119  8:39  Marine x2  
  127  8:45  Command Center  
  127  8:48  Marine x4  
  129  8:57  Terran Infantry Weapons Level 2, Terran Infantry Armor Level 2  
  129  8:58  Marine x2  
  129  9:00  Marauder  
  135  9:08  Siege Tank  
  134  9:13  Barracks, Marine  
  134  9:14  Factory Tech Lab, Marine x2  
  134  9:15  Barracks, Marine x2  
  134  9:16  Barracks  
  139  9:17  Refinery  
  139  9:19  Terran Vehicle And Ship Armor Level 1, Supply Depot  
  139  9:21  Marauder  
  141  9:33  Supply Depot  
  141  9:34  Supply Depot  
  141  9:40  Siege Tank x2, Marine, SCV  
  141  9:41  SCV x2  
  141  9:42  Marauder  
  141  9:43  Supply Depot  
  141  9:45  Sensor Tower  
  153  9:46  Medivac x2  
  157  9:55  SCV x3  
  160  10:04  Marauder  
  162  10:09  Barracks Tech Lab  
  162  10:10  SCV x2  
  162  10:11  Starport, SCV  
  162  10:12  Siege Tank  
  168  10:15  Marine x2  
  168  10:16  Medivac x2  
  168  10:17  Barracks Tech Lab  
  168  10:19  Marine x3  
  168  10:20  Marine x2  
  179  10:22  SCV, Planetary Fortress  
  179  10:25  Marauder, SCV x2  
  184  10:32  Marauder  
  184  10:34  Marine x2  
  187  10:36  Marine x2  
  187  10:37  Marine x2  
  187  10:38  Marine  
  187  10:40  Refinery  
  187  10:41  Refinery  
  189  10:45  Ghost Academy  
  189  10:46  Viking  
  189  10:47  Viking  
  190  10:54  Starport Reactor  
  190  11:02  Marauder  
  190  11:03  Marauder  
  190  11:04  Marine x2  
  167  11:14  Marauder, Marine x3  
  167  11:15  Marine x3  
  167  11:16  Viking  
  167  11:17  Viking  
  179  11:20  Terran Infantry Weapons Level 3  
  179  11:22  Marine x2  
  179  11:24  Marauder  
  183  11:37  Liberator x2  
  183  11:38  Marauder  
  183  11:39  Marauder  
  191  11:40  Supply Depot  
  191  11:41  Liberator  
  191  11:45  Marauder, Liberator  
  194  11:50  Barracks Tech Lab  
  192  12:04  Command Center  
  194  12:09  Ghost x2  
  194  12:10  Ghost  
  194  12:12  Bunker, Terran Vehicle And Ship Armor Level 2  
  194  12:15  Bunker  
  200  12:16  Bunker  
  200  12:21  Marauder  
  195  12:33  Liberator x3  
  195  12:34  Liberator, Command Center  
  195  12:36  Siege Tank  
  199  13:03  Ghost, Missile Turret  
  199  13:14  Terran Infantry Armor Level 3  
  199  13:20  Marine  
  199  13:21  Sensor Tower  
  199  13:24  Liberator  
  199  13:25  Starport  
  200  13:28  Fusion Core  
  200  13:30  Orbital Command  
  200  13:36  Command Center  
  196  13:45  Liberator x2  
  197  14:07  Starport Tech Lab  
  197  14:09  SCV x4  
  192  14:17  Ghost x4  
  192  14:22  Sensor Tower  
  200  14:30  Liberator x2  
  198  14:41  Refinery  
  189  14:45  Ghost x2  
  189  14:46  Advanced Ballistics, Terran Ship Weapons Level 1  
  189  14:49  Planetary Fortress  
  199  14:54  Orbital Command  
  199  14:56  Command Center  
  199  15:00  Command Center  
  195  15:10  Ghost x2  
  199  15:22  Refinery  
  199  15:34  Ghost x2  
  199  15:40  Hi-Sec Auto Tracking  
  198  15:51  Neosteel Armor  
  196  15:59  Missile Turret x2  
  196  16:00  Missile Turret  
  196  16:03  Missile Turret  
  196  16:04  Missile Turret  
  194  16:30  Personal Cloaking  
  194  16:31  Orbital Command  
  194  16:34  Orbital Command  
  194  16:36  Command Center  
  194  16:41  Liberator x2  
  185  16:54  Cyclone  
  185  16:57  Ghost x2  
  185  16:58  Marine x2  
  197  17:01  Marine  
  197  17:02  Marine  
  199  17:09  Sensor Tower  
  199  17:32  Terran Ship Weapons Level 2  
  199  17:35  Armory  
  196  17:41  Barracks, Starport  
  196  17:44  Starport  
  196  17:45  Barracks  
  196  17:51  Liberator  
  181  18:06  Ghost x2  
  181  18:08  Viking x3  
  181  18:10  Marine x2  
  181  18:11  Marine  
  200  18:19  Marine x2  
  194  18:21  Marine x3  
  191  18:27  Starport Reactor x2  
  191  18:28  Marine, Barracks Tech Lab  
  190  18:34  Marine x2  
  190  18:35  Marine, Ghost x2  
  194  18:44  Viking x2  
  194  18:45  Marine x3  
  194  18:46  Marine x2  
  189  18:51  Viking  
  189  18:54  Barracks Tech Lab  
  191  19:02  Terran Vehicle And Ship Armor Level 3  
  191  19:03  Ghost  
  191  19:04  Ghost  
  191  19:05  Orbital Command  
  192  19:12  Ghost x2  
  192  19:14  Viking  
  197  19:20  Barracks  
  197  19:21  Barracks  
  195  19:32  Ghost x2  
  199  19:56  Marine  
  200  20:03  Ghost  
  199  20:10  Ghost x2  
  199  20:12  Barracks Tech Lab  
  199  20:13  Barracks Tech Lab  
  184  20:28  Ghost  
  184  20:29  Marine x2  
  184  20:30  Marine  
  184  20:31  Medivac  
  184  20:32  Marauder, Medivac  
  184  20:33  Marine x3, Marauder x2  
  187  20:39  Marauder x2  
  191  20:43  Command Center  
  191  20:44  Nuke  
  191  20:54  Marauder x2, Liberator  
  191  20:55  Orbital Command  
  193  21:01  Orbital Command  
  193  21:09  Ghost x2  
  200  21:31  Ghost  
  196  21:35  Marine  
  196  21:36  Marine x2  
  196  21:39  Ghost  
  194  21:40  Marine x2  
  194  21:41  Ghost x2  
  194  21:43  Nuke  
  195  21:57  Marine, Ghost x2  
  195  21:58  Marine x5  
  195  22:00  Marine  
  150  22:08  Marine  
  134  22:10  Marine x2  
  134  22:15  Marine x3  
  122  22:16  Marine x3  
  122  22:17  Ghost  
  122  22:20  Orbital Command  
  111  22:26  Marine x2  
  111  22:28  Marine x2  
Show
View Real Time Build Order
Export as new Build Order

Zanster Zerg - Winner!

Build Orders: Hatch First 

Get SALT Encoding   

  12  0:00  Drone  
  13  0:12  Overlord  
  13  0:16  Drone  
  14  0:30  Drone x2  
  16  0:48  Hatchery  
  15  0:50  Drone  
  15  0:55  Drone  
  17  0:57  Drone  
  18  1:09  Extractor  
  17  1:13  Spawning Pool  
  17  1:16  Drone  
  17  1:20  Drone  
  18  1:27  Drone  
  19  1:38  Drone  
  20  1:50  Drone  
  21  1:59  Queen x2  
  25  2:01  Zergling x4  
  27  2:14  Drone, Overlord  
  28  2:24  Hatchery  
  28  2:26  Drone  
  28  2:33  Metabolic Boost  
  28  2:37  Drone  
  28  2:39  Drone  
  28  2:42  Drone  
  31  2:45  Queen  
  31  2:48  Drone  
  34  2:54  Overlord  
  34  2:56  Drone  
  35  2:59  Drone  
  36  3:09  Spore Crawler  
  37  3:12  Drone  
  37  3:13  Drone x4  
  37  3:16  Drone  
  42  3:23  Queen  
  42  3:24  Overlord  
  44  3:36  Queen  
  44  3:37  Queen  
  44  3:39  Zergling x4  
  50  3:43  Overlord  
  50  3:44  Zergling x2  
  50  3:45  Zergling x2  
  52  3:50  Drone x3  
  52  3:52  Drone  
  52  3:53  Drone  
  57  3:57  Drone  
  57  4:02  Overlord  
  58  4:06  Drone x3  
  58  4:08  Drone  
  58  4:09  Drone  
  62  4:13  Queen  
  62  4:14  Baneling Nest  
  63  4:18  Drone x2  
  63  4:19  Drone  
  66  4:27  Drone  
  66  4:28  Overlord  
  67  4:32  Zergling x2  
  67  4:34  Lair  
  67  4:37  Extractor x2  
  66  4:40  Overlord  
  66  4:41  Overlord  
  66  4:46  Queen  
  66  4:48  Zergling x8  
  66  4:49  Zergling x4  
  66  4:52  Overlord  
  73  5:02  Zergling x12  
  76  5:08  Baneling  
  76  5:09  Zergling x8  
  78  5:15  Baneling  
  78  5:16  Overlord  
  74  5:24  Zergling x8  
  71  5:30  Zergling x6  
  71  5:34  Drone x2  
  74  5:36  Evolution Chamber  
  74  5:38  Evolution Chamber  
  74  5:39  Drone  
  74  5:42  Drone  
  72  5:46  Drone, Overseer  
  72  5:47  Drone, Hatchery  
  73  5:50  Spore Crawler  
  73  5:52  Spore Crawler  
  71  5:58  Drone  
  71  5:59  Drone x4  
  71  6:02  Drone  
  77  6:05  Drone  
  77  6:06  Drone x2, Zerg Melee Weapons Level 1  
  77  6:07  Zerg Ground Armor Level 1  
  77  6:11  Drone  
  81  6:12  Drone x3  
  81  6:14  Drone  
  81  6:16  Drone  
  86  6:20  Drone  
  86  6:21  Drone  
  86  6:25  Drone  
  89  6:27  Drone x3  
  89  6:28  Extractor  
  89  6:29  Extractor  
  89  6:30  Centrifical Hooks  
  89  6:31  Overlord  
  89  6:32  Extractor  
  89  6:35  Drone x4  
  89  6:36  Drone x2  
  95  6:41  Hydralisk Den  
  95  6:42  Drone  
  95  6:44  Hatchery  
  95  6:46  Overlord  
  94  6:49  Overlord  
  94  6:55  Overlord  
  94  6:59  Drone  
  95  7:03  Drone  
  95  7:04  Zergling x20  
  106  7:09  Overlord  
  106  7:10  Overlord  
  106  7:11  Infestation Pit  
  105  7:16  Overlord  
  105  7:18  Zergling x2  
  106  7:28  Hydralisk x6, Muscular Augments  
  106  7:29  Hydralisk  
  118  7:30  Hydralisk  
  118  7:32  Hydralisk  
  123  7:44  Drone x9  
  132  7:49  Overlord  
  132  7:51  Overlord  
  132  7:53  Baneling x5  
  132  7:55  Zergling x6  
  135  8:02  Zergling x14  
  140  8:06  Overlord  
  140  8:08  Zerg Ground Armor Level 2, Zerg Melee Weapons Level 2  
  140  8:13  Zergling x10  
  140  8:17  Baneling x5  
  144  8:26  Zergling x22  
  155  8:29  Hive  
  155  8:36  Zergling x14  
  155  8:39  Overlord  
  161  8:49  Drone  
  161  8:50  Drone  
  161  8:52  Drone x2  
  165  9:01  Spore Crawler  
  164  9:04  Infestor x3  
  164  9:08  Overlord  
  170  9:13  Hatchery  
  170  9:15  Hydralisk x4, Hatchery  
  170  9:16  Zergling x14  
  183  9:20  Grooved Spines  
  183  9:31  Spore Crawler  
  182  9:35  Drone  
  182  9:36  Drone x4, Extractor  
  182  9:37  Extractor  
  185  9:47  Adrenal Glands  
  185  9:50  Ultralisk Cavern  
  184  9:57  Spore Crawler  
  183  10:08  Evolution Chamber  
  183  10:12  Overseer  
  182  10:24  Spore Crawler  
  179  10:39  Chitinous Plating, Ultralisk x4  
  179  10:41  Zerg Melee Weapons Level 3  
  198  10:46  Zerg Ground Armor Level 3  
  189  11:09  Hydralisk x10  
  199  11:15  Zerg Missile Weapons Level 1  
  197  11:20  Overseer  
  195  11:28  Zergling x8  
  199  11:36  Pathogen Glands  
  199  11:37  Spire  
  199  11:39  Extractor  
  197  11:40  Extractor  
  188  12:13  Infestor x5  
  198  12:25  Hatchery  
  197  12:33  Hatchery  
  196  12:42  Overseer x2  
  196  12:44  Anabolic Synthesis  
  196  12:48  Spire  
  193  13:09  Greater Spire  
  190  13:28  Extractor, Pneumatized Carapace  
  190  13:31  Extractor, Burrow  
  186  13:50  Zerg Missile Weapons Level 2  
  186  13:59  Drone x2  
  178  14:24  Spore Crawler  
  178  14:25  Spore Crawler  
  178  14:28  Zerg Flyer Armor Level 1  
  178  14:30  Zerg Flyer Weapons Level 1  
  168  14:37  Hydralisk x10  
  174  14:48  Viper x3  
  174  14:49  Viper  
  174  14:50  Overseer x2  
  186  15:00  Extractor  
  186  15:01  Extractor  
  180  15:42  Corruptor x12  
  196  15:51  Spore Crawler  
  196  15:52  Spore Crawler x4  
  196  15:54  Spore Crawler x3  
  196  15:56  Drone  
  196  15:57  Drone x7  
  192  16:01  Overseer  
  192  16:17  Overseer, Nydus Network  
  191  16:28  Hatchery  
  191  16:30  Brood Lord x4  
  191  16:31  Brood Lord  
  191  17:34  Brood Lord x4  
  199  17:51  Nydus Canal  
  191  18:10  Brood Lord x3  
  191  18:26  Corruptor x3  
  193  18:33  Nydus Canal  
  182  18:38  Infestor x5  
  171  18:50  Infestor  
  171  18:51  Infestor  
  171  18:54  Viper x3  
  177  18:58  Drone x11  
  177  19:00  Zergling x4  
  189  19:10  Nydus Canal  
  189  19:13  Drone x2  
  189  19:14  Drone x10  
  200  19:21  Infestor x8  
  200  19:22  Infestor x5  
  200  19:25  Nydus Canal  
  197  20:10  Drone x4  
  175  20:31  Corruptor x13  
  196  21:06  Zergling x8  
  200  21:13  Hatchery  
  200  21:17  Extractor x2  
  197  21:18  Hatchery  
  173  22:02  Corruptor x7  
  173  22:04  Zergling x2  
  173  22:05  Zergling x24  
  186  22:16  Zergling x28  
Tags
 
Add a new tag
Caveats
  • Supply blocks, unpowered buildings, or Contaminate may cause inaccurate times.
  • Supply counts are checked every 10 seconds.